 Dungeon Crawl Stone Soup version 0.25-a0-860-gf695395b5c (webtiles) character file.

Game seed: 11968793885049721037, levelgen mode: deterministic

189 kae the Sneak (level 5, 0/31 HPs)
             Began as an Octopode Fire Elementalist on Apr 27, 2020.
             Slain by Purgy (9 damage)
             ... on level 4 of the Dungeon.
             The game lasted 00:03:53 (3902 turns).

kae the Sneak (Octopode Fire Elementalist)          Turns: 3902, Time: 00:03:54

Health: 0/31       AC:  1    Str:  7    XL:     5   Next: 68%
Magic:  8/9        EV: 13    Int: 19    God:
Gold:   239        SH:  0    Dex: 12    Spells: 9/10 levels left

rFire    . . .     SeeInvis .   w - +0 dagger (curse)
rCold    . . .     Gourm    .   (no shield)
rNeg     . . .     Faith    .   (helmet restricted)
rPois    .         Spirit   .   (no amulet)
rElec    .         Reflect  .   f - +3 ring of slaying
rCorr    .         Harm     .   (no ring)
MR       .....                  (no ring)
Stlth    ++++......             (no ring)
HPRegen  0.10/turn              (no ring)
MPRegen  0.11/turn              (no ring)
                                (no ring)
                                (no ring)

@: no status effects
A: almost no armour, stealthy swim, amphibious, 8 rings, constrict 8, camouflage
1, gelatinous body 1
a: no special abilities


You were on level 4 of the Dungeon.
You were not hungry.

You visited 1 branch of the dungeon, and saw 4 of its levels.

You collected 239 gold pieces.

Inventory:

Hand Weapons
 p - a +0 mace
 u - a +2 vorpal hand axe
 w - a cursed +0 dagger (weapon)
Jewellery
 f - a +3 ring of slaying (left tentacle)
 q - an uncursed ring of protection from fire {unknown}
Scrolls
 a - 2 scrolls of enchant armour {unknown}
 d - a scroll of noise {unknown}
 h - a scroll of enchant weapon {unknown}
 j - a scroll of random uselessness {unknown}
 m - 4 scrolls of identify {unknown}
 o - 2 scrolls of remove curse {unknown}
 s - 2 scrolls of teleportation {unknown}
Potions
 c - a potion of curing
 e - a potion of invisibility {unknown}
 g - a potion of magic {unknown}
 i - a potion of might {unknown}
 k - 2 potions of ambrosia {unknown}
 l - a potion of flight {unknown}
 n - a potion of heal wounds {unknown}
 r - a potion of mutation {unknown}
 t - 2 potions of lignification {unknown}
 v - a potion of degeneration {unknown}
Comestibles
 b - 5 rations


   Skills:
 + Level 0.0 Fighting
 - Level 2.0 Dodging
 - Level 6.0 Stealth
 - Level 3.0 Spellcasting
 - Level 3.0 Conjurations
 - Level 3.0 Fire Magic


You had 9 spell levels left.
You knew the following spells:

 Your Spells              Type           Power        Failure   Level  Hunger
a - Foxfire               Conj/Fire      ##..         4%          1    None

Your spell library contained the following spells:

 Spells                   Type           Power        Failure   Level  Hunger
 Conjure Flame            Conj/Fire      ##......     13%         3    ###....
 Inner Flame              Hex/Fire       #.......     24%         3    ###....
 Sticky Flame             Conj/Fire      ##......     41%         4    ####...
 Fireball                 Conj/Fire      ##........   77%         5    ######.


Dungeon Overview and Level Annotations

Branches:
Dungeon (4/15)
 Temple: D:4-7

Altars:

Annotations:
D:4 Purgy


Innate Abilities, Weirdness & Mutations

You cannot wear most types of armour.
You are very stealthy in the water. (Stealth+)
You are amphibious.
You can wear up to eight rings at the same time.
You can use your tentacles to constrict eight enemies at once.
Your skin changes colour to match your surroundings (Stealth+).
Your rubbery body absorbs attacks. (AC +1, EV +1)


Message History

The helpless Purgy fails to defend himself.
You puncture Purgy!
Purgy is heavily wounded.
Purgy bites you. Purgy claws you. x2
You hit Purgy.
Purgy is heavily wounded.
Purgy hisses menacingly.
Purgy bites you. Purgy misses you. Purgy claws you.
You hit Purgy but do no damage.
Purgy is heavily wounded.
Purgy bites you! Purgy claws you. x2
Casting: Foxfire (safe; 4% risk of failure)
Confirm with . or Enter, or press ? or * to list all spells.
You conjure some foxfire!
Purgy misses you. Purgy closely misses you. Purgy claws you.
* * * LOW HITPOINT WARNING * * *
The foxfire hits Purgy.
Purgy is heavily wounded.
Purgy bites you!
You die...

### #@#
#.T...).#
#.......#
#.......#
........#
........#
.........
..........


You could see Purgy.

Vanquished Creatures
  A hound (D:2)
  An orc wizard (D:3)
  4 adders
  3 worms
  A leopard gecko (D:2)
  9 orcs (D:3)
  2 ball pythons (D:2)
  6 giant cockroaches
  9 goblins
  10 hobgoblins
  3 quokkas (D:3)
  7 bats
  6 frilled lizards
  5 kobolds
  8 rats
75 creatures vanquished.

Vanquished Creatures (others)
  184 foxfires
184 creatures vanquished.

Grand Total: 259 creatures vanquished

Notes
Turn   | Place    | Note
-------+----------+-------------------------------------------
     0 | D:1      | kae the Octopode Fire Elementalist began the quest for the
                  | Orb.
     0 | D:1      | Reached XP level 1. HP: 11/11 MP: 3/3
   232 | D:1      | Reached skill level 3 in Stealth
   393 | D:1      | Reached XP level 2. HP: 8/17 MP: 0/5
  1431 | D:2      | Reached skill level 4 in Stealth
  1431 | D:2      | Reached XP level 3. HP: 15/21 MP: 1/6
  1767 | D:2      | Reached XP level 4. HP: 22/27 MP: 3/7
  1987 | D:2      | Reached skill level 5 in Stealth
  2275 | D:3      | HP: 1/27 [worm (9)]
  2763 | D:3      | Reached XP level 5. HP: 27/31 MP: 9/9
  3247 | D:3      | Reached skill level 6 in Stealth
  3897 | D:4      | Noticed Purgy
  3902 | D:4      | Slain by Purgy

Levels and vault maps discovered:
D:1:      lightli_arrival_quake, layout_basic
D:2:      layout_loops_cross
D:3:      layout_loops_ring
D:4:      layout_basic, minmay_temple_entry_nine_rooms, first_ration,
          kennysheep_decorative_pillar, uniq_edmund, uniq_purgy

Skill      XL: |  1  2  3  4  5 |
---------------+----------------+-----
Stealth        | 3 4 5 6 |  6.0
Conjurations   | 2 3 |  3.0
Spellcasting   | 3 |  3.0
Dodging        | |  2.0
Fire Magic     | |  3.0

Action                   |  1- 3 |  4- 6 || total
-------------------------+-------+-------++-------
Melee: Unarmed           |    17 |     3 ||    20
       Constrict         |     7 |    11 ||    18
       Tentacles         |     5 |     2 ||     7
       Mace              |       |     5 ||     5
       Hand axe          |       |    23 ||    23
       Dagger            |       |     3 ||     3
 Cast: Foxfire           |    43 |    78 ||   121
  Use: Potion            |       |     2 ||     2
 Stab: Sleeping          |     2 |     3 ||     5
  Eat: Chunk             |     3 |     7 ||    10
Armor: Skin              |     3 |     3 ||     6
Dodge: Dodged            |    19 |    47 ||    66

Table legend:
 A = Non-vault XP
 B = Vault XP
 C = Vault XP percentage of total XP
 D = Non-vault monster count
 E = Vault monster count
 F = Vault count percentage of total count
                 A         B        C        D         E       F
            +---------+---------+-------+---------+---------+-------
      Total |     270 |       0 |   0.0 |      75 |       0 |   0.0
            +---------+---------+-------+---------+---------+-------
        D:1 |      26 |       0 |   0.0 |      17 |       0 |   0.0
        D:2 |      96 |       0 |   0.0 |      24 |       0 |   0.0
        D:3 |     148 |       0 |   0.0 |      34 |       0 |   0.0
            +---------+---------+-------+---------+---------+-------
